 Dungeon Crawl Stone Soup version 0.30-a0-292-g0f741e3f8e (webtiles) character file.

Game seed: 10629780181149969565

7504 RascalDebosk the Thaumaturge (level 11, -2/82 HPs)
             Began as a Djinni Conjurer on Oct 17, 2022.
             Was an Initiate of Ashenzari.
             Hit by a javelin thrown by Urug (24 damage)
             ... on level 10 of the Dungeon.
             The game lasted 01:16:29 (10751 turns).

RascalDebosk the Thaumaturge (Djinni Conjurer)     Turns: 10751, Time: 01:16:29

Health: -2/82      AC: 10    Str:  9    XL:     11   Next: 38%
Gold:   147        EV: 12    Int: 22    God:    Ashenzari [......] SH:  6 Dex: 20

rFire   + + .      SeeInvis .    k - +1 rapier (venom)
rCold   x . .      Faith    .    s - +0 buckler
rNeg    . . .      Spirit   .    w - +0 steam dragon scales
rPois   ∞          Reflect  .    e - +0 helmet
rElec   .          Harm     .    (no cloak)
rCorr   .          Rampage  .    j - +2 pair of gloves {Str+3}
Will    ++...                    (boots unavailable)
Stlth   ++........               z - amulet of regeneration
HPRegen 1.13/turn                m - ring of willpower
MPRegen 0.00/turn                A - +6 ring of dexterity

@: flying
A: sickness immunity, fire resistance 2, cold vulnerability 1, float, innate
caster, HP casting, extra vitality 1
a: Renounce Religion, Curse Item


You were on level 10 of the Dungeon.
You worshipped Ashenzari.
Ashenzari was noncommittal.
You visited 2 branches of the dungeon, and saw 11 of its levels.

You collected 507 gold pieces.
You spent 360 gold pieces at shops.

Inventory:

Hand Weapons
 k - a +1 rapier of venom (weapon)
 r - a +0 long sword of draining
Armour
 e - a +0 helmet (worn)
 j - a +2 pair of gloves of strength (worn)
 s - a +0 buckler (worn)
 w - +0 steam dragon scales (worn)
 B - a +2 robe of cold resistance
Magical Staves
 c - a staff of poison
 p - a staff of air
Jewellery
 m - a ring of willpower (left hand)
 q - an amulet of the acrobat
 z - an amulet of regeneration (around neck)
 A - a +6 ring of dexterity (right hand)
Wands
 d - a wand of digging (5)
 y - a wand of iceblast (6)
Scrolls
 b - a scroll of torment {unknown}
 f - 2 scrolls of magic mapping
 i - a scroll of identify
 t - 3 scrolls of teleportation
Potions
 a - 2 potions of mutation {unknown}
 g - 6 potions of curing
 l - 2 potions of brilliance
 n - a potion of lignification
 o - a potion of cancellation
 v - a potion of heal wounds {unknown}
 x - 2 potions of attraction {unknown}


   Skills:
 + Level 8.7 Fighting
 + Level 3.8 Short Blades
 - Level 4.0 Armour
 - Level 2.1 Dodging
 - Level 1.5 Stealth
 - Level 4.0 Shields
 * Level 10.2 Spellcasting


You had 3 spell levels left.
You knew the following spells:

 Your Spells              Type           Power      Damage    Failure   Level
a - Magic Dart            Conj           100%       1d8       1%          1
b - Searing Ray           Conj           100%       2d8       1%          2
c - Dazzling Flash        Conj/Hex       100%       N/A       1%          3
d - Fulminant Prism       Conj/Hex       27%        3d14      1%          4
e - Iskenderun's Mystic   Conj/Tloc      54%        2d12      1%          4
f - Necrotise             Necr           100%       1d9       1%          1
g - Blink                 Tloc           100%       N/A       1%          2
h - Vampiric Draining     Necr           54%        2d9       1%          3
i - Stone Arrow           Conj/Erth      100%       3d13      1%          3
j - Passage of Golubria   Tloc           54%        N/A       1%          4
Your spell library was empty.

Dungeon Overview and Level Annotations

Branches:
Dungeon (10/15)            Temple (1/1) D:5
   Lair: D:8-11         Orc: D:9-12

Altars:
Ashenzari
Cheibriados
Dithmenos
Elyvilon
Fedhas
Gozag
Hepliaklqana
Makhleb
Nemelex Xobeh
Okawaru
Qazlal
Ru
Trog
Uskayaw
Wu Jian
Xom
Yredelemnul
Zin
The Shining One

Shops:
D:4 [   D:6 =   D:10 ?

Portals:
Abyss: D:8

Annotations:
D:5 4 runed translucent doors, rogsnak's ghost, novice TeAE
D:7 2 transporters, domi's ghost, novice DsHW
D:8 2 transporters, spaghetti's ghost, novice GnRe
D:10 Urug


Innate Abilities, Weirdness & Mutations

You are immune to sickness and miasma.
You are immune to poison.
Your flesh is very heat resistant. (rF++)
You are vulnerable to cold. (rC-)
You float through the air rather than walking.
You learn spells naturally, not from books.
Your magical power is your life essence.
You have superior vitality. (+4 MHP)


Message History

Press: ? - help, Q - select action, (/) - cycle Shift-Dir - straight line, f/p - vampire mosquito
Aim: a vampire mosquito (lightly damaged, 100% to hit)
The magic dart hits the vampire mosquito.
The vampire mosquito is moderately damaged.
Urug screams, "Die, harpy!"
Casting: Magic Dart (safe; 1% risk of failure)
Confirm with . or Enter, or press ? or * to list all spells.
You erupt in a blast of force!
The mystic blast hits the vampire mosquito!
The vampire mosquito is severely damaged.
The vampire mosquito is knocked back by the mystic blast.
The vampire mosquito slams into the rock wall!
The vampire mosquito is almost destroyed.
A komodo dragon comes into view.
Casting: Iskenderun's Mystic Blast (mildly dangerous; 1% risk of failure)
Confirm with . or Enter, or press ? or * to list all spells.
You erupt in a blast of force!
The mystic blast hits the vampire mosquito.
You destroy the vampire mosquito!
Urug throws a javelin.
The javelin pierces through you!
A two-headed ogre comes into view.
It is wielding a +0 giant club and a +0 giant spiked club.
Unknown command.
Casting: Iskenderun's Mystic Blast (mildly dangerous; 1% risk of failure)
Confirm with . or Enter, or press ? or * to list all spells.
Aiming: Fulminant Prism (mildly dangerous; 1% risk of failure)
Press: ? - help, Dir - move target You conjure a prism of explosive energy!
A fulminant prism comes into view.
Urug throws a javelin.
The javelin closely misses you.
Casting: Fulminant Prism (mildly dangerous; 1% risk of failure)
Confirm with . or Enter, or press ? or * to list all spells.
Aiming: Stone Arrow (safe; 1% risk of failure)
Press: ? - help, Shift-Dir - straight line, f - Urug
Aim: Urug, wielding a +2 eveningstar of holy wrath, wearing a +0 scale mail and quivering javelins (ally target, 72% to hit)
The stone arrow hits Urug!!
Urug is moderately wounded.
Urug throws a javelin.
The javelin pierces through you!!
* * * LOW HITPOINT WARNING * * *
Your fulminant prism crackles loudly.
Unknown command.
Casting: Stone Arrow (safe; 1% risk of failure)
Confirm with . or Enter, or press ? or * to list all spells.
Aiming: Searing Ray (safe; 1% risk of failure)
Press: ? - help, Shift-Dir - straight line, f/p - Urug
Aim: Urug, wielding a +2 eveningstar of holy wrath, wearing a +0 scale mail and quivering javelins (moderately wounded, ally target, 79% to hit)
The searing ray hits Urug.
Urug is moderately wounded. (Press . to maintain the ray.)
* * * LOW HITPOINT WARNING * * *
Urug squints and screams, "I know a harpy when I see one!"
Urug throws a javelin.
The javelin pierces through you!
* * * LOW HITPOINT WARNING * * *
Your fulminant prism explodes!
The blast of energy engulfs the komodo dragon!!
The komodo dragon is heavily wounded.
The blast of energy engulfs the two-headed ogre!!
The two-headed ogre is heavily wounded.
The blast of energy engulfs Urug!
Urug is moderately wounded.
The searing ray hits Urug!
Urug is heavily wounded.
* * * LOW HITPOINT WARNING * * *
The searing ray hits Urug but does no damage.
Urug is heavily wounded.
* * * LOW HITPOINT WARNING * * *
The komodo dragon bites you but does no damage.
Casting: Searing Ray (safe; 1% risk of failure)
Confirm with . or Enter, or press ? or * to list all spells.
You erupt in a blast of force!
The mystic blast hits the two-headed ogre!
The two-headed ogre is almost dead.
The two-headed ogre is knocked back by the mystic blast.
The mystic blast hits Urug!
Urug is severely wounded.
Urug is knocked back by the mystic blast.
The mystic blast hits the komodo dragon!
The komodo dragon is severely wounded.
The komodo dragon is knocked back by the mystic blast.
* * * LOW HITPOINT WARNING * * *
Casting: Iskenderun's Mystic Blast (mildly dangerous; 1% risk of failure)
Confirm with . or Enter, or press ? or * to list all spells.
You erupt in a blast of force!
The mystic blast hits the two-headed ogre!
The two-headed ogre is almost dead.
The two-headed ogre is knocked back by the mystic blast.
The two-headed ogre slams into the rock wall!
You kill the two-headed ogre!
The mystic blast hits the komodo dragon!
The komodo dragon is almost dead.
* * * LOW HITPOINT WARNING * * *
Urug stares with her one eyeball.
Urug throws a javelin.
The javelin closely misses you.
Casting: Iskenderun's Mystic Blast (mildly dangerous; 1% risk of failure)
Confirm with . or Enter, or press ? or * to list all spells.
You erupt in a blast of force!
The mystic blast hits the komodo dragon but does no damage.
The komodo dragon is almost dead.
* * * LOW HITPOINT WARNING * * *
Urug throws a javelin.
The javelin pierces through you!!
You die...

#.##........####
#.#......####
###.......##
####..)##....#
#......##.##.#
##.#...######.#
#.....### #..
....###...# ##.#
..# #.#@# .# .
#.†l..# .#
...)..#.# .#
##.##.....# #..
#.## .o. ... ...
.#.# .#. #. ....
#. ...#


You could see Urug and a komodo dragon.

Vanquished Creatures
  A two-headed ogre (D:10)
  Joseph (D:10)
  Psyche (D:9)
  Prince Ribbit (D:9)
  10 yaks
  Eustachio (D:5)
  A steam dragon (D:9)
  2 vampire mosquitoes
  The ghost of ytrimaz the Stinger, an amateur OpTm (D:3)
  5 orc warriors
  An ice beast (D:7)
  An ogre (D:6)
  A centaur (D:8)
  A phantom (D:5)
  3 bullfrogs
  A necrophage (D:5)
  8 scorpions (D:5)
  14 wights
  9 killer bees
  3 howler monkeys (D:8)
  3 orc priests
  7 hounds
  3 jellies
  A gnoll bouda (D:5)
  4 iguanas
  19 orc wizards
  Robin (D:2)
  5 adders
  7 gnolls
  A shadow imp (D:8)
  An ufetubus (D:4)
  5 worms
  51 orcs
  7 ball pythons
  11 endoplasms
  7 giant cockroaches
  18 goblins
  9 hobgoblins
  7 jackals
  4 quokkas
  9 bats
  2 frilled lizards
  7 kobolds
  8 rats
  2 butterflies (D:5)
265 creatures vanquished.

Vanquished Creatures (others)
  23 fulminant prisms
  2 fungi (D:5)
  12 plants
37 creatures vanquished.

Grand Total: 302 creatures vanquished

Notes
Turn   | Place    | Note
-------+----------+-------------------------------------------
     0 | D:1      | RascalDebosk the Djinni Conjurer began the quest for the
                  | Orb.
     0 | D:1      | RascalDebosk set off with the following spells memorised:
                  | Magic Dart, Searing Ray, Dazzling Flash, Fulminant Prism,
                  | Iskenderun's Mystic Blast.
     0 | D:1      | Reached XP level 1. HP: 15/15 MP: 0/0
   138 | D:1      | Reached XP level 2. HP: 18/22 MP: 0/0
   499 | D:1      | Reached skill level 1 in Armour
   499 | D:1      | Reached XP level 3. HP: 23/26 MP: 0/0
   499 | D:1      | Learned a level 1 spell: Necrotise
   520 | D:1      | Reached skill level 1 in Fighting
   801 | D:2      | Noticed Robin
   919 | D:2      | Killed Robin
   920 | D:2      | Reached XP level 4. HP: 11/32 MP: 0/0
  1314 | D:2      | Reached skill level 4 in Spellcasting
  1643 | D:2      | Reached XP level 5. HP: 37/38 MP: 0/0
  1643 | D:2      | Learned a level 2 spell: Blink
  2189 | D:3      | Found a runed translucent gate.
  2189 | D:3      | Noticed ytrimaz's ghost (amateur OpTm)
  2190 | D:3      | Found a runed translucent gate.
  2191 | D:3      | Found a runed translucent gate.
  3016 | D:4      | Reached XP level 6. HP: 35/45 MP: 0/0
  3297 | D:4      | Found Tielaa's Antique Armour Emporium.
  3306 | D:4      | Bought a leather armour for 50 gold pieces
  4415 | D:5      | Entered Level 5 of the Dungeon
  4428 | D:5      | Reached XP level 7. HP: 47/50 MP: 0/0
  4428 | D:5      | Learned a level 3 spell: Vampiric Draining
  4445 | D:5      | Reached skill level 5 in Spellcasting
  4828 | D:5      | Found a runed translucent door.
  4831 | D:5      | Noticed a vampire mosquito
  4845 | D:5      | Found a runed translucent door.
  4857 | D:5      | Reached XP level 8. HP: 41/58 MP: 0/0
  4858 | D:5      | Reached skill level 6 in Spellcasting
  5043 | D:5      | Noticed Eustachio
  5061 | D:5      | Killed Eustachio
  5062 | D:5      | Reached skill level 5 in Fighting
  5241 | D:5      | Reached XP level 9. HP: 51/65 MP: 0/0
  5241 | D:5      | Learned a level 3 spell: Stone Arrow
  5358 | D:5      | Found a staircase to the Ecumenical Temple.
  5370 | D:5      | Reached skill level 7 in Spellcasting
  5394 | Temple   | Entered the Ecumenical Temple
  5614 | D:5      | Found a runed translucent gate.
  5614 | D:5      | Found a runed translucent gate.
  5614 | D:5      | Found a runed translucent gate.
  5615 | D:5      | Noticed rogsnak's ghost (novice TeAE)
  5813 | D:6      | Reached skill level 1 in Shields
  6004 | D:6      | Found a broken altar of Ashenzari.
  6012 | D:6      | Became a worshipper of Ashenzari the Shackled
  6081 | D:4      | Bought a pair of glowing gloves for 187 gold pieces
  6420 | D:6      | Found a large runed translucent door.
  6498 | D:6      | Found Baicosuit's Jewellery Emporium.
  6532 | D:6      | Found a large runed translucent door.
  6861 | D:6      | Found a hide-covered altar of Uskayaw.
  6871 | D:6      | Reached skill level 8 in Spellcasting
  6882 | D:6      | Found a sparkling altar of Nemelex Xobeh.
  7061 | D:3      | Killed ytrimaz's ghost
  7221 | D:7      | Reached XP level 10. HP: 55/73 MP: 0/0
  7512 | D:7      | Noticed a moth of wrath
  7512 | D:7      | Noticed domi's ghost (novice DsHW)
  7526 | D:7      | Found a transporter.
  7526 | D:7      | Found a bloodstained altar of Trog.
  7533 | D:7      | Found a transporter.
  7551 | D:7      | Found a hazy altar of Hepliaklqana.
  8745 | D:8      | Found a transporter.
  8778 | D:8      | Found a one-way gate to the infinite horrors of the Abyss.
  8778 | D:8      | Noticed spaghetti's ghost (novice GnRe)
  8780 | D:8      | Noticed a soul eater
  8801 | D:8      | Found a transporter.
  9363 | D:8      | Found an opulent altar of Gozag.
  9427 | D:8      | Found a bloodstained altar of Trog.
  9476 | D:8      | Reached skill level 9 in Spellcasting
  9766 | D:9      | Found a blossoming altar of Fedhas.
  9786 | D:9      | Noticed Prince Ribbit
  9795 | D:9      | Killed Prince Ribbit
  9796 | D:9      | Reached skill level 1 in Short Blades
 10125 | D:9      | Found a glowing silver altar of Zin.
 10191 | D:9      | Reached XP level 11. HP: 69/81 MP: 0/0
 10191 | D:9      | Learned a level 4 spell: Passage of Golubria
 10301 | D:9      | Noticed Psyche
 10314 | D:9      | Killed Psyche
 10362 | D:10     | Entered Level 10 of the Dungeon
 10419 | D:10     | Found a shadowy altar of Dithmenos.
 10523 | D:10     | Noticed Joseph
 10547 | D:10     | Killed Joseph
 10548 | D:10     | Reached skill level 10 in Spellcasting
 10548 | D:10     | Found Peulisch's Magic Scroll Boutique.
 10557 | D:10     | Bought a scroll of identify for 26 gold pieces
 10557 | D:10     | Bought a scroll of enchant armour for 97 gold pieces
 10740 | D:10     | Noticed Urug
 10743 | D:10     | Noticed a two-headed ogre
 10750 | D:10     | Killed a two-headed ogre
 10751 | D:10     | Hit by a javelin thrown by Urug

Illustrated notes

Levels and vault maps discovered:
D:1:      scummos_arrival_simple_fountains, layout_basic
D:2:      layout_loops_cross, grunt_decor_clamped, uniq_robin
D:3:      kennysheep_big_flooded_room, layout_basic, biasface_ghost_orc_armoury
D:4:      minmay_door_path, layout_basic, nicolae_kikubaaqudgha_miasma_corner,
          serial_shops, nicolae_shop_stone, hangedman_abyss_or_decor_slice
D:5:      lemuel_insect_pit, layout_basic, minmay_temple_entry_glass,
          gammafunk_ghost_nasty_kobolds, uniq_eustachio
D:6:      layout_basic, mainiacjoe_overflow_chevrons, jmf_multi_god_temple2,
          serial_shops, kennysheep_little_box, nrook_pool_corridor
D:7:      layout_basic, kennysheep_orc_sif_temple,
          nicolae_hepliaklqana_hazy_memory, gammafunk_ghost_wrathful_warriors
D:8:      layout_cave_pods, grunt_gozag_breadcrumbs,
          amethyst_overflow_temple_binary, gammafunk_ghost_abyssal_escape
D:9:      layout_roguey, kennysheep_mini, zin_scriptorium, uniq_psyche,
          uniq_prince_ribbit1
D:10:     layout_rooms, mainiacjoe_overflow_six_doors_small, serial_shops,
          nicolae_shop_crystal, minmay_fractal_squares_5, uniq_joseph, uniq_urug
Temple:   hellmonk_temple_micro_hex

Skill      XL: |  1  2  3  4  5  6  7  8  9 10 11 |
---------------+----------------------------------+-----
Armour         | 1 2 3 4 |  4.0
Fighting       | 1 2 3 5 6 8 |  8.7
Spellcasting   | 4 5 6 8 9 10 | 10.2
Shields        | 3 4 |  4.0
Short Blades   | 2 3 |  3.8
Dodging        | |  2.1
Stealth        | |  1.5

Action                   |  1- 3 |  4- 6 |  7- 9 | 10-12 || total
-------------------------+-------+-------+-------+-------++-------
Melee: Rapier            |       |     1 |    33 |    45 ||    79
 Cast: Magic Dart        |    79 |   157 |    95 |   131 ||   462
       Searing Ray       |     1 |     5 |     7 |    11 ||    24
       Dazzling Flash    |     1 |       |       |       ||     1
       Fulminant Prism   |       |     3 |     7 |    13 ||    23
       Iskenderun's Myst |       |     7 |    29 |    50 ||    86
       Stone Arrow       |       |       |       |     1 ||     1
       Passage of Golubr |       |       |       |     1 ||     1
  Use: Scroll            |       |       |    11 |     5 ||    16
       Potion            |       |       |       |     1 ||     1
 Stab: Sleeping          |       |       |     1 |       ||     1
Armor: Robe              |     4 |     4 |       |     3 ||    11
       Leather armour    |       |     3 |    18 |    13 ||    34
       Steam dragon scal |       |       |       |     8 ||     8
Dodge: Dodged            |     3 |    24 |    28 |    59 ||   114
Block: Buckler           |       |       |     6 |    29 ||    35

Table legend: (Time is in decaauts)
 A = Elapsed time spent in this place.
 B = Non-inter-level travel time spent in this place.
 C = Inter-level travel time spent in this place.
 D = Time resting spent in this place.
 E = Time spent auto-exploring this place.
 F = Levels seen in this place.
 G = Mean time per level.
                   A        B        C        D        E       F      G
               +--------+--------+--------+--------+--------+-----+--------+
         Total |  10772 |  10207 |    565 |   1128 |   7197 |  11 |  979.3 |
       Dungeon |  10641 |  10076 |    565 |    998 |   7197 |  10 | 1064.1 |
        Temple |    131 |    131 |      0 |    130 |      0 |   1 |  131.0 |
               +--------+--------+--------+--------+--------+-----+--------+

Top non-repeatable levels by time:
     D:7: 1552 daAuts
     D:4: 1438 daAuts
     D:3: 1400 daAuts
     D:5: 1362 daAuts
     D:6: 1090 daAuts
     D:2: 1030 daAuts
     D:8: 962 daAuts
     D:1: 737 daAuts
     D:9: 677 daAuts
    D:10: 389 daAuts
  Temple: 131 daAuts
